 Dungeon Crawl Stone Soup version 0.25.0-41-g26779e291d (webtiles) character file.

Game seed: 14374016115804983577

37853 funkygono the Basher (level 13, -3/116 HPs)
             Began as a Minotaur Fighter on July 10, 2020.
             Was a High Priest of Okawaru.
             Killed from afar by a lindwurm (31 damage)
             ... with a blast of flame
             ... on level 6 of the Lair of Beasts.
             The game lasted 00:38:27 (19010 turns).

funkygono the Basher (Minotaur Fighter)            Turns: 19010, Time: 00:38:28

Health: -3/116     AC: 21    Str: 29    XL:     13   Next: 60%
Magic:  7/13       EV: 19    Int:  5    God:    Okawaru [*****.]
Gold:   456        SH: 19    Dex: 10    Spells: 12/12 levels left

rFire    . . .     SeeInvis +   a - +3 flail (venom)
rCold    + . .     Gourm    .   c - +0 kite shield
rNeg     . . .     Faith    .   w - +4 chain mail {rC+}
rPois    .         Spirit   .   R - +1 hat "Dasuejor" {rElec MR+}
rElec    +         Reflect  +   F - +0 cloak
rCorr    .         Harm     .   (no gloves)
MR       +....                  j - +1 pair of boots
Stlth    ..........             h - amulet of reflection
HPRegen  0.29/turn              g - ring of Zosym {rElec Str+3 SInv}
MPRegen  0.13/turn              M - ring of Phasing {EV+8}

@: mighty, very slightly contaminated
A: retaliatory headbutt, horns 2
a: Heroism, Finesse, Renounce Religion


You were on level 6 of the Lair of Beasts.
You worshipped Okawaru.
Okawaru was extremely pleased with you.
You were not hungry.

You visited 3 branches of the dungeon, and saw 18 of its levels.
You also visited: Sewer.

You collected 974 gold pieces.
You spent 518 gold pieces at shops.

Inventory:

Hand Weapons
 a - a +3 flail of venom (weapon)
 b - the +6 hunting sling of Disaster {flame, rF+ rC+ MR++ MP-9}
   (You bought it in a shop on level 8 of the Dungeon)

   It causes projectiles fired from it to burn those they strike, causing extra
   injury to most foes and up to half again as much damage against particularly
   susceptible opponents.
   It protects you from fire.
   It protects you from cold.
   It affects your resistance to hostile enchantments.
   It affects your magic capacity (-9).
Missiles
 D - 493 stones
 L - 196 sling bullets (quivered)
Armour
 c - a +0 kite shield (worn)
 j - a +1 pair of boots (worn)
 l - the +6 scale mail of Ysadir {Int+3}
   (You found it on level 4 of the Lair of Beasts)

   It affects your intelligence (+3).
 w - a +4 chain mail of cold resistance (worn)
 F - a +0 cloak (worn)
 R - the +1 hat "Dasuejor" (worn) {rElec MR+}
   (Okawaru gifted it to you on level 4 of the Lair of Beasts)

   It insulates you from electricity.
   It affects your resistance to hostile enchantments.
Jewellery
 g - the ring of Zosym (left hand) {rElec Str+3 SInv}
   (You found it on level 2 of the Lair of Beasts)

   [ring of see invisible]

   It affects your strength (+3).
   It insulates you from electricity.
   It lets you see invisible.
 h - an amulet of reflection (around neck)
 k - an uncursed ring of ice
 m - an uncursed ring of magical power
 z - an uncursed ring of flight
 C - an uncursed ring of see invisible
 M - the ring of Phasing (right hand) {EV+8}
   (You found it on level 3 of the Lair of Beasts)

   [ring of evasion]

   It affects your evasion (+8).
Wands
 v - a wand of digging (19)
 y - a wand of disintegration (22)
 A - a wand of flame (11)
 E - a wand of paralysis (9)
 G - a wand of random effects (10)
 H - a wand of polymorph (5)
 K - a wand of acid (9)
 Q - a wand of iceblast (11)
 U - a wand of clouds (7)
Scrolls
 d - 4 scrolls of remove curse
 i - 11 scrolls of teleportation
 q - 6 scrolls of blinking
 r - 2 scrolls of fog
 I - a scroll of magic mapping
 T - 3 scrolls of fear
 V - a scroll of identify
 W - a scroll of noise {unknown}
Potions
 n - 3 potions of ambrosia
 p - 7 potions of flight
 s - 2 potions of haste
 t - a potion of berserk rage
 u - 3 potions of cancellation
 x - a potion of mutation {unknown}
 B - 2 potions of curing
 J - 2 potions of might
 N - 2 potions of stabbing
 P - a potion of resistance {unknown}
Miscellaneous
 O - a lightning rod (1/4)
Comestibles
 f - 31 rations
 S - 9 chunks of flesh


   Skills:
 + Level 11.4 Fighting
 + Level 14.4 Maces & Flails
 + Level 8.6 Slings
 + Level 11.6 Armour
 + Level 5.4 Dodging
 + Level 2.0 Stealth
 + Level 14.2 Shields
 + Level 1.9 Invocations
 + Level 0.6 Evocations


You had 12 spell levels left.
You didn't know any spells.
Your spell library contained the following spells:

 Spells                   Type           Power        Failure   Level  Hunger
 Corona                   Hex            #......      92%         1    ##.....
 Magic Dart               Conj           #...         92%         1    ##.....
 Ensorcelled Hibernation  Hex/Ice        #.....       98%         2    ###....
 Searing Ray              Conj           #.....       98%         2    ###....
 Confusing Touch          Hex            #.......     100%        3    ####...
 Dazzling Flash           Conj/Hex       #.....       100%        3    ####...
 Tukima's Dance           Hex            #.......     100%        3    ####...
 Fulminant Prism          Conj/Hex       #.........   100%        4    #####..
 Iskenderun's Mystic Bla  Conj/Tloc      #.......     100%        4    #####..


Dungeon Overview and Level Annotations

Branches:
Dungeon (11/15)            Temple (1/1) D:7            Lair (5/6) D:11
 Shoals (0/4) Lair:4        Snake (0/4) Lair:3        Sewer (visited)
  Slime: Lair:5-6       Orc: D:9-12

Altars:
Ashenzari
Cheibriados
Dithmenos
Elyvilon
Fedhas
Gozag
Hepliaklqana
Kikubaaqudgha
Makhleb
Nemelex Xobeh
Okawaru
Qazlal
Ru
Sif Muna
Trog
Uskayaw
Vehumet
Wu Jian
Xom
Yredelemnul
Zin

Shops:
D:8 (   D:10 =


Innate Abilities, Weirdness & Mutations

You reflexively headbutt those who attack you in melee.
You have a pair of horns on your head.


Message History

The yak is severely wounded.
The polar bear growls angrily.
The polar bear growls angrily.
You bludgeon the yak!!
You kill the yak!
Okawaru accepts your kill.
The polar bear growls angrily.
The polar bear growls angrily.
The polar bear growls angrily.
You bludgeon the lindwurm!!
The lindwurm looks as sick as possible!
Your headbutt misses the lindwurm.
The lindwurm is heavily wounded.
You flicker back into view.
The polar bear growls angrily.
You block the lindwurm's attack. x3
You barely miss the lindwurm. You headbutt the lindwurm.
The lindwurm is severely wounded.
The lindwurm breathes flames at you. The blast of flame hits you!!
You die...

...( #### #.## ####PP.. .....
#..####...# ###.#.....
......###....P....###...##....
P....S†.....P......##...###...
....S.†#.Y........###....##...
...Y..###.........##P.........
...... #..YS#....###...P.....
.P... ##.#k#.....##....#....
..... #####@.....###..##....
P... .......#.......#........
.... ........................
#.###...##.#.#.#P...##.. #.##
#########.##### ## ###


You could see 2 death yaks, a lindwurm (extremely poisoned, catching breath) and
a water moccasin.

Vanquished Creatures
  3 hydras
  Harold (D:7)
  10 death yaks (Lair:6)
  Sonja (Lair:3)
  A lindwurm (Lair:4)
  2 oklob plants
  A deep elf mage (D:10)
  A manticore (Lair:4)
  4 black mambas
  A torpor snail (Lair:4)
  3 spiny frogs (Lair:3)
  Maggie (D:7)
  A centaur skeleton (D:10)
  A komodo dragon (Lair:4)
  2 rime drakes
  3 hornets (D:8)
  21 blink frogs
  Prince Ribbit (D:6)
  5 hippogriffs
  7 dream sheep (Lair:6)
  A wraith (D:11)
  A shadow (D:11)
  A wyvern (D:11)
  38 yaks
  A soldier ant (D:8)
  13 water moccasins
  2 orc warriors (D:11)
  8 porcupines
  3 black bears
  Purgy (Sewer)
  An ice beast (D:10)
  4 sky beasts
  An eye of draining (D:8)
  3 phantoms
  15 wolves
  7 ogres
  5 centaurs
  6 crocodiles
  19 bullfrogs
  A big kobold (D:10)
  A water moccasin skeleton (D:11)
  A scorpion (D:11)
  4 killer bees (D:11)
  11 wights
  2 electric eels (Lair:3)
  2 crimson imps
  3 centaur zombies
  A jelly (D:7)
  2 hounds (D:5)
  6 bullfrog skeletons
  5 orc priests
  17 orc wizards
  Jessica (D:4)
  2 iguanas
  9 worker ants
  2 hound skeletons
  A worker ant zombie (D:5)
  14 adders
  11 gnolls
  2 shadow imps
  2 oozes
  An adder skeleton (D:6)
  A dart slug (D:4)
  3 leopard geckos
  40 orcs
  10 bats
  7 giant cockroaches
  2 gnoll zombies (D:6)
  14 goblins
  10 hobgoblins
  9 jackals
  11 kobolds
  2 quokkas
  6 ball pythons
  6 frilled lizards
  A jackal skeleton (D:6)
  A jackal zombie (D:7)
  3 quokka skeletons
  13 rats
  A bush (Lair:3)
  5 fungi (D:11)
  5 plants (D:11)
451 creatures vanquished.

Vanquished Creatures (others)
  An orc (D:4)
  9 fungi
  4 plants
  9 toadstools (Lair:5)
23 creatures vanquished.

Grand Total: 474 creatures vanquished

Notes
Turn   | Place    | Note
-------+----------+-------------------------------------------
     0 | D:1      | funkygono the Minotaur Fighter began the quest for the Orb.
     0 | D:1      | Reached XP level 1. HP: 19/19 MP: 0/0
   227 | D:1      | Reached XP level 2. HP: 25/27 MP: 1/1
   969 | D:2      | Reached XP level 3. HP: 32/33 MP: 2/2
  1328 | D:2      | Reached skill level 1 in Dodging
  1328 | D:2      | Reached XP level 4. HP: 26/40 MP: 3/3
  1730 | D:2      | Found a hazy altar of Hepliaklqana.
  1971 | D:3      | Noticed a centaur
  1980 | D:3      | Killed a centaur
  1980 | D:3      | Reached skill level 5 in Shields
  1980 | D:3      | Reached XP level 5. HP: 29/46 MP: 4/4
  1995 | D:3      | Reached skill level 1 in Stealth
  2087 | D:3      | Reached XP level 6. HP: 51/52 MP: 5/5
  2354 | D:3      | Found a faded altar of an unknown god.
  2424 | D:3      | Found a glowing drain.
  2442 | Sewer    | Entered a sewer
  2627 | Sewer    | Noticed Purgy
  2646 | Sewer    | Killed Purgy
  3131 | D:3      | Reached skill level 5 in Armour
  3493 | D:3      | Reached skill level 5 in Maces & Flails
  3768 | D:4      | Reached XP level 7. HP: 60/60 MP: 6/6
  4761 | D:4      | Noticed Jessica
  4775 | D:4      | Killed Jessica
  4815 | D:4      | Found a shimmering blue altar of Sif Muna.
  4951 | D:5      | Entered Level 5 of the Dungeon
  4983 | D:5      | Reached XP level 8. HP: 58/67 MP: 7/7
  5495 | D:5      | Reached skill level 5 in Fighting
  6129 | D:6      | Noticed Prince Ribbit
  6140 | D:6      | Killed Prince Ribbit
  6488 | D:6      | Reached XP level 9. HP: 74/74 MP: 8/8
  6693 | D:6      | Found a basalt altar of Yredelemnul.
  6918 | D:7      | Noticed Harold
  6947 | D:7      | Killed Harold
  7674 | D:7      | Noticed Maggie
  7689 | D:7      | Killed Maggie
  7689 | D:7      | Reached skill level 10 in Maces & Flails
  8039 | D:7      | Reached XP level 10. HP: 82/84 MP: 9/9
  8148 | D:7      | Found a staircase to the Ecumenical Temple.
  8159 | D:7      | Found a glowing silver altar of Zin.
  8311 | Temple   | Entered the Ecumenical Temple
  8488 | Temple   | Became a worshipper of Warmaster Okawaru
  9038 | D:8      | Found Bumare's Weapon Boutique.
  9327 | D:8      | Reached skill level 10 in Shields
  9520 | D:8      | Found a hide-covered altar of Uskayaw.
  9539 | D:8      | Found a white marble altar of Elyvilon.
 10541 | D:9      | Reached * piety under Okawaru
 11089 | D:10     | Entered Level 10 of the Dungeon
 11235 | D:10     | Reached ** piety under Okawaru
 11236 | D:10     | Noticed a deep elf mage
 11256 | D:10     | Killed a deep elf mage
 11390 | D:10     | Found a burning altar of Makhleb.
 11411 | D:10     | Found Ywnaw's Jewellery Shop.
 11636 | D:8      | Bought the +6 hunting sling of Disaster {flame, rF+ rC+
                  | MR++ MP-9} for 518 gold pieces
 11796 | D:10     | Reached XP level 11. HP: 94/94 MP: 9/10
 11850 | D:10     | Reached skill level 1 in Slings
 11855 | D:10     | Reached *** piety under Okawaru
 12738 | D:11     | Reached **** piety under Okawaru
 12909 | D:11     | Found a staircase to the Lair.
 13023 | Lair:1   | Entered Level 1 of the Lair of Beasts
 13473 | Lair:1   | Noticed a seven-headed hydra
 13480 | Lair:1   | Killed a seven-headed hydra
 13480 | Lair:1   | Reached skill level 5 in Slings
 13480 | Lair:1   | Reached skill level 10 in Armour
 13925 | Lair:2   | Reached ***** piety under Okawaru
 13941 | Lair:2   | Got a slimy tin ring
 14213 | Lair:2   | Noticed an oklob plant
 14230 | Lair:2   | Reached XP level 12. HP: 93/104 MP: 11/11
 14259 | Lair:2   | Received a gift from Okawaru
 15626 | Lair:3   | Found a staircase to the Snake Pit.
 15631 | Lair:3   | Received a gift from Okawaru
 15631 | Lair:3   | Reached skill level 1 in Invocations
 15737 | Lair:3   | Reached skill level 5 in Dodging
 15754 | Lair:3   | Noticed a seven-headed hydra
 15755 | Lair:3   | Reached skill level 10 in Fighting
 15763 | Lair:3   | Killed a seven-headed hydra
 15766 | Lair:3   | Received a gift from Okawaru
 16176 | Lair:3   | Received a gift from Okawaru
 16348 | Lair:3   | Noticed Sonja
 16366 | Lair:3   | Killed Sonja
 16795 | Lair:3   | Found the ring of Phasing {EV+8}
 17328 | Lair:3   | Identified the ring of Zosym {rElec Str+3 SInv} (You found
                  | it on level 2 of the Lair of Beasts)
 17383 | Lair:4   | Got an encrusted scale mail
 17394 | Lair:4   | Identified the +6 scale mail of Ysadir {Int+3} (You found
                  | it on level 4 of the Lair of Beasts)
 17464 | Lair:4   | Received a gift from Okawaru
 17467 | Lair:4   | Reached ****** piety under Okawaru
 17649 | Lair:4   | Found a staircase to the Shoals.
 17668 | Lair:4   | Reached XP level 13. HP: 101/114 MP: 2/13
 17685 | Lair:4   | Received a gift from Okawaru
 17705 | Lair:4   | Got a bloodstained hat {god gift}
 17711 | Lair:4   | Identified the +1 hat "Dasuejor" {rElec MR+} (Okawaru
                  | gifted it to you on level 4 of the Lair of Beasts)
 18730 | Lair:5   | You fall into a shaft and drop 1 floor!
 18730 | Lair:6   | Entered Level 6 of the Lair of Beasts
 19003 | Lair:6   | HP: 4/116 [lindwurm/blast of flame (20)]
 19010 | Lair:6   | Killed from afar by a lindwurm

Illustrated notes

Levels and vault maps discovered:
D:1:      dpeg_arrival_round_c, layout_loops_corners, hangedman_decor_lopped,
          minmay_misc_feat_five, minmay_misc_feat_four_crosses,
          kennysheep_another_room
D:2:      layout_basic, nicolae_overflow_hidden_temple
D:3:      layout_loops_ring, chequers_ecumenical_altar_simple_redux,
          portal_sewer_entry_f, first_ration
D:4:      layout_basic, serial_curves, eino_curves_03, eino_curves_01,
          eino_curves_03, tgw_sif
D:5:      layout_basic
D:6:      layout_cave_pools, lemuel_zombie_altar_yredelemnul,
          serial_column_ruins, column_ruins_open_tiny, column_ruins_open_small,
          column_ruins_open_large, column_ruins_grid_4,
          column_ruins_corridor_dead_end, uniq_prince_ribbit1
D:7:      layout_basic, kennysheep_little_box, minmay_temple_entry_poolview,
          uniq_maggie, uniq_harold
D:8:      layout_basic, kennysheep_mini_moat, overflow_temple_1_default,
          serial_shops, shop_statue, hangedman_pestilent_swarm
D:9:      layout_loops_ring
D:10:     layout_roguey, serial_shops, nicolae_shop_competitors_out_of_business,
          bloody_makhleb
D:11:     layout_loops_ring, grunt_lair_entry_orc_guard_hut
Temple:   regret_index_temple_sphere_string
Lair:1:   layout_regular_city
Lair:2:   layout_layer_cave, grunt_megastairs_2, lemuel_fruit_tree
Lair:3:   layout_misc_corridors, guppyfry_snake_entry_island,
          minmay_lair_oklob_items, serial_bayou_shore_a, uniq_sonja
Lair:4:   layout_regular_city, minmay_shoals_entry_beasts
Lair:5:   gammafunk_lair_enchanted_lake, layout_long_grid
Lair:6:   guppyfry_lair_end_dragon, layout_regular_city,
          hangedman_lair_in_review, slime_altar_1,
          maelrawn_ghost_gauntlet_escape

Skill      XL: |  1  2  3  4  5  6  7  8  9 10 11 12 13 |
---------------+----------------------------------------+-----
Armour         | 4 5 7 8 9 10 11 | 11.6
Shields        | 4 5 6 8 9 11 12 13 14 | 14.2
Fighting       | 4 5 6 7 9 10 11 | 11.4
Maces & Flails | 3 5 6 8 10 11 13 14 | 14.4
Dodging        | 1 2 3 4 5 |  5.4
Stealth        | 1 2 |  2.0
Slings         | 5 7 8 |  8.6
Invocations    | 1 |  1.9
Evocations     | |  0.6

Action                   |  1- 3 |  4- 6 |  7- 9 | 10-12 | 13-15 || total
-------------------------+-------+-------+-------+-------+-------++-------
Melee: Flail             |   111 |   194 |   327 |   685 |   139 ||  1456
       Headbutt          |    12 |    28 |    65 |   155 |    49 ||   309
 Fire: Hunting sling     |       |       |       |   197 |    36 ||   233
Invok: Heroism           |       |       |       |    14 |     5 ||    19
Evoke: Lightning rod     |       |       |       |     9 |     1 ||    10
       Box of beasts     |       |       |       |     1 |       ||     1
  Use: Scroll            |     2 |     6 |     5 |    14 |       ||    27
       Potion            |       |     2 |     3 |     1 |     6 ||    12
 Stab: Invisible         |       |       |       |       |     1 ||     1
  Eat: Chunk             |     1 |     9 |    13 |    22 |       ||    45
       Ration            |       |       |       |     3 |     1 ||     4
Armor: Scale mail        |    79 |   110 |    61 |       |       ||   250
       Chain mail        |       |       |    19 |   154 |    33 ||   206
Dodge: Dodged            |    48 |    88 |    92 |   122 |    51 ||   401
Block: Kite shield       |    86 |   125 |   172 |   483 |   129 ||   995
       Reflection        |       |       |     7 |    15 |     1 ||    23
